 Dungeon Crawl Stone Soup version 0.29-a0-495-g17b79114eb (webtiles) character file.

Game seed: 16176556083293421616

95851 RatsInWall the Bludgeoner (level 16, 129/129 HPs)
             Began as a Formicid Fighter on Nov 24, 2021.
             Was an Elder of Zin.
             Quit the game on level 4 of the Lair of Beasts on May 28, 2022.
             The game lasted 01:13:48 (32033 turns).

RatsInWall the Bludgeoner (Formicid Fighter)       Turns: 32033, Time: 01:13:48

Health: 129/129    AC: 27    Str: 25    XL:     16   Next: 64%
Magic:  27/27      EV:  6    Int: 11    God:    Zin [****..]
Gold:   1547       SH: 17    Dex: 13    Spells: 15/15 levels left

rFire   + + .      SeeInvis +   q - +1 great mace (protect)
rCold   . . .      Faith    .   M - +0 tower shield
rNeg    . . .      Spirit   +   l - +1 plate armour
rPois   .          Reflect  .   (helmet unavailable)
rElec   .          Harm     .   c - +0 cloak {rF+}
rCorr   .          Rampage  .   P - +2 pair of gloves {Dex+3}
Will    +....                   g - +0 pair of boots
Stlth   ..........              K - amulet of guardian spirit
HPRegen 0.31/turn               F - ring of protection from fire
MPRegen 0.20/turn               j - +4 ring of protection

@: no status effects
A: permanent stasis, dig shafts and tunnels, antennae 3, four strong arms
a: Dig, Shaft Self, Renounce Religion, Recite, Vitalisation, Imprison, Donate
Gold


You were on level 4 of the Lair of Beasts.
You worshipped Zin.
Zin was greatly pleased with you.
You visited 3 branches of the dungeon, and saw 22 of its levels.
You also visited: Volcano.

You collected 1626 gold pieces.
You donated 79 gold pieces to Zin.

Inventory:

Hand Weapons
 q - a +1 great mace of protection (weapon)
Missiles
 z - 3 throwing nets
Armour
 c - a +0 cloak of fire resistance (worn)
 g - a +0 pair of boots (worn)
 l - a +1 plate armour (worn)
 M - a +0 tower shield (worn)
 P - a +2 pair of gloves of dexterity (worn)
Jewellery
 f - a ring of protection from cold
 j - a +4 ring of protection (right hand)
 m - a ring of flight
 o - a ring of protection from fire
 p - a ring of protection from fire
 F - a ring of protection from fire (left hand)
 K - an amulet of guardian spirit (around neck)
 N - a ring of protection from cold
Wands
 b - a wand of flame (30)
 h - a wand of iceblast (31)
 u - a wand of paralysis (19)
 H - a wand of polymorph (6)
Scrolls
 t - 5 scrolls of identify
 v - 2 scrolls of enchant armour
 y - 3 scrolls of amnesia
 C - a scroll of fog
 E - a scroll of summoning
 G - 5 scrolls of fear
 I - a scroll of magic mapping
Potions
 a - a potion of invisibility
 d - 4 potions of might
 e - 2 potions of mutation
 i - 3 potions of flight
 k - 3 potions of brilliance
 r - 2 potions of cancellation
 s - 7 potions of curing
 w - a potion of magic
 A - 5 potions of lignification
 B - 6 potions of attraction
 D - 3 potions of heal wounds
 L - 3 potions of ambrosia
Miscellaneous
 n - a tin of tremorstones (2/2)
 x - a phantom mirror
 O - a phial of floods


   Skills:
 + Level 12.8 Fighting
 - Level 3.2(11.6) Axes
 + Level 17.1(17.2) Maces & Flails
 + Level 12.4 Armour
 + Level 1.1 Dodging
 + Level 12.7 Shields
 * Level 15.5 Invocations
 * Level 4.3 Evocations


You had 15 spell levels left.
You didn't know any spells.
Your spell library contained the following spells:

 Spells                   Type           Power      Damage    Failure   Level
 Magic Dart               Conj           0%         1d3       100%        1
 Pain                     Necr           0%         1d4       100%        1
 Shock                    Conj/Air       0%         1d3       100%        1
 Slow                     Hex            0%         N/A       100%        1
 Call Imp                 Summ           0%         N/A       100%        2
 Static Discharge         Conj/Air       0%         N/A       100%        2
 Sublimation of Blood     Necr           0%         N/A       100%        2
 Wereblood                Tmut           0%         N/A       100%        2
 Confusing Touch          Hex            0%         N/A       100%        3
 Ignite Poison            Fire/Tmut/Pois 0%         N/A       100%        3
 Mephitic Cloud           Conj/Pois/Air  0%         N/A       100%        3
 Portal Projectile        Hex/Tloc       0%         N/A       100%        3
 Vampiric Draining        Necr           0%         2d6       100%        3
 Airstrike                Air            0%         N/A       100%        4
 Dispel Undead            Necr           0%         3d6       100%        4
 Sticky Flame             Conj/Fire      0%         2d3       100%        4
 Agony                    Necr           0%         N/A       100%        5
 Blade Hands              Tmut           0%         N/A       100%        5
 Freezing Cloud           Conj/Ice/Air   0%         6-21      100%        5
 Simulacrum               Ice/Necr       0%         N/A       100%        6
 Summon Hydra             Summ           0%         N/A       100%        7
 Polar Vortex             Ice            0%         N/A       100%        9
 Swiftness                Air            Unusable   N/A       N/A         3

Dungeon Overview and Level Annotations

Branches:
Dungeon (15/15)            Temple (0/1) D:6            Lair (6/6) D:8
 Shoals (1/4) Lair:4       Spider (0/4) Lair:4        Slime (0/5) Lair:5
    Orc (0/2) D:9          Vaults (0/5) D:14         Depths (0/4) D:15
Volcano (visited)

Altars:
Ashenzari
Hepliaklqana
Okawaru
Uskayaw
Wu Jian
Xom
Zin
The Shining One

Shops:
D:7 [

Portals:
Abyss: Lair:5
Trove: D:12 (show slimy rune of Zot)

Annotations:
D:4 3 runed translucent doors, PezBoy's ghost, novice GrFi
Lair:3 exclusion: oklob plant
Lair:5 2 transporters, Vainiore's ghost, journeyman VSTm
Lair:6 exclusion: 3 oklob plants
Shoals:1 Nikola


Innate Abilities, Weirdness & Mutations

You cannot be hasted, slowed, berserked, paralysed or teleported.
You can dig through walls and to a lower floor.
You have a pair of large antennae on your head. (SInv)
Your four strong arms can wield two-handed weapons with a shield.


Message History

Nikola the Mad Inventor comes into view.
He is wielding a +2 rapier of electrocution and wearing a +0 cloak of poison resistance.
Nikola shouts!
The merfolk siren chants a haunting song.
You resist with almost no effort.
The sea snake bites you but does no damage.
A faun comes into view. It is wielding a +0 spear.
The merfolk siren hits you from afar with a +0 spear!
You block the sea snake's attack.
There is a staircase back to the Lair here.
The merfolk siren hits you from afar with a +0 spear!
The faun shoots a sling bullet.
You block the sling bullet. The sea snake barely misses you.
Nikola warns, "If you see one of my golems, approach with caution, they bite."
Nikola points at you and mumbles some strange words.
The bolt of lightning hits you!
You climb upwards.
Welcome back to the Lair of Beasts!
There is a staircase to the Shoals here.
You miss the sea snake. You block the sea snake's attack.
You miss the sea snake. You block the sea snake's attack.
You bludgeon the sea snake!!
Your weapon exudes an aura of protection.
The sea snake is moderately wounded.
You block the sea snake's attack.
You closely miss the sea snake.
The sea snake is moderately wounded.
The sea snake bites you! You block the sea snake's attack.
You crush the sea snake like a grape!!!
You kill the sea snake!
There is a staircase to the Shoals here.
You start resting.
Magic restored.
You start resting.
HP restored.
Save game and exit?
Your Shields skill increases to level 12!
Welcome back, RatsInWall the Formicid Fighter.
Zin says: Spread the light, my child.
Press ? for a list of commands and other information.
Okay, then.
Are you sure you want to abandon this character and quit the game? (Confirm with "yes".)

#.....##...#.........
##....................
#.....................
##.....................
#P)#....##.............
##≈##.≈##≈.............
#.#≈≈.≈≈≈..##...P.#..(
#≈..≈...≈≈###...###.((
#.≈≈.@.#≈...##........
#.≈≈..≈≈...###..#.....
##≈≈##≈###..###...P....
#.≈##≈..#≈≈.P#.........
#..≈≈.b.≈....##...#....
#P.≈.#.###..#....##..##
##...##..##+.##...#....
##....................
#....................


There were no monsters in sight!

Vanquished Creatures
  Gastronok (D:10)
  A fire dragon (D:15)
  An ice dragon (D:15)
  2 vault guards (D:14)
  6 hydras
  5 boulder beetles
  7 centaur warriors
  3 ogre magi (D:15)
  3 catoblepae
  15 two-headed ogres
  5 death yaks
  Sonja (Lair:3)
  2 sea snakes
  4 skeletal warriors (D:14)
  An orc knight (D:15)
  A deep elf pyromancer (D:15)
  12 ugly things
  A wolf spider (Lair:4)
  2 wolf spider zombies (D:13)
  4 manticores
  3 cyclopes (D:14)
  7 elephants (Lair:6)
  8 black mambas
  2 gargoyles
  A rime drake (shapeshifter) (D:14)
  10 cane toads
  An unseen horror (D:11)
  A freezing wraith (D:14)
  3 rime drakes
  19 komodo dragons
  3 yaktaurs
  2 trolls
  A merfolk (Shoals:1)
  4 meliai
  A jumping spider (Lair:4)
  7 polar bears
  4 hornets
  8 blink frogs
  2 dream sheep (Lair:6)
  7 slime creatures
  11 spriggans (Lair:6)
  4 shadows
  2 vampires
  3 redbacks (Lair:4)
  2 wyverns
  A yak (shapeshifter) (D:14)
  41 yaks
  3 basilisks
  5 wraiths
  5 steam dragons
  4 vampire mosquitoes (D:11)
  Menkaure (D:4)
  2 acid dragons
  A two-headed ogre zombie (D:9)
  15 water moccasins
  A floating eye (Lair:6)
  4 hell hounds (Volcano)
  An ice beast (D:8)
  16 ogres
  5 orc warriors
  3 sky beasts
  6 black bears
  2 meliai simulacra
  2 necrophages
  28 wolves
  2 phantoms (D:9)
  7 centaurs
  5 boggarts (Lair:6)
  A gnoll sergeant (D:13)
  7 bullfrogs
  6 scorpions
  2 wyvern skeletons
  A troll zombie (D:9)
  2 water moccasin skeletons
  5 wights
  6 howler monkeys
  6 electric eels
  4 centaur zombies
  3 hounds
  2 centaur skeletons
  16 orc priests
  2 bullfrog skeletons (D:6)
  3 jellies
  5 iguanas
  11 hell rats
  16 orc wizards
  A killer bee zombie (D:6)
  6 ogre zombies (D:9)
  2 howler monkey zombies
  12 gnolls
  4 adders
  A shadow imp (D:6)
  2 white imps
  An ufetubus (D:6)
  An adder skeleton (D:4)
  4 dart slugs
  33 orcs
  2 bats
  4 endoplasms
  3 giant cockroaches
  5 hobgoblins
  3 jackals
  10 kobolds
  2 quokkas (D:2)
  4 ball pythons
  5 frilled lizards
  10 goblins
  4 goblin skeletons (D:9)
  2 goblin zombies (D:9)
  2 hobgoblin skeletons (D:9)
  A hobgoblin zombie (D:9)
  An orc skeleton (D:9)
  15 orc zombies (D:9)
  5 rats
596 creatures vanquished.

Vanquished Creatures (collateral kills)
  6 vault guards (D:14)
  A centaur warrior (D:14)
  A skeletal warrior (D:14)
  2 ugly things (D:14)
10 creatures vanquished.

Vanquished Creatures (others)
  An orc (D:9)
  25 fungi
  100 plants
  7 toadstools (D:1)
133 creatures vanquished.

Grand Total: 739 creatures vanquished

Notes
Turn   | Place    | Note
-------+----------+-------------------------------------------
     0 | D:1      | RatsInWall the Formicid Fighter began the quest for the
                  | Orb.
     0 | D:1      | Reached XP level 1. HP: 18/18 MP: 1/1
   287 | D:1      | Reached XP level 2. HP: 24/24 MP: 2/2
   302 | D:1      | Found a faded altar of an unknown god.
   561 | D:1      | Prayed at the altar of an unknown god.
   561 | D:1      | Became a worshipper of the Shining One
   561 | D:1      | Reached * piety under the Shining One
   778 | D:2      | Reached XP level 3. HP: 30/30 MP: 3/3
  1032 | D:2      | Reached skill level 1 in Invocations
  1032 | D:2      | Reached XP level 4. HP: 23/37 MP: 4/4
  1965 | D:2      | Found a shimmering altar of Xom.
  2176 | D:3      | Reached XP level 5. HP: 42/42 MP: 5/5
  2694 | D:4      | Found a runed translucent gate.
  2695 | D:4      | Found a runed translucent gate.
  2695 | D:4      | Noticed PezBoy's ghost (novice GrFi)
  2696 | D:4      | Found a runed translucent gate.
  2700 | D:4      | Noticed a kobold brigand
  2724 | D:4      | Noticed Menkaure
  2947 | D:4      | Noticed an ogre
  2948 | D:4      | Reached skill level 1 in Maces & Flails
  2959 | D:4      | Killed an ogre
  2960 | D:4      | Reached XP level 6. HP: 49/49 MP: 6/8
  3031 | D:4      | Noticed an ogre
  3043 | D:4      | Killed an ogre
  3044 | D:4      | Reached skill level 2 in Maces & Flails
  3044 | D:4      | Reached XP level 7. HP: 43/55 MP: 9/9
  3114 | D:4      | Found a hide-covered altar of Uskayaw.
  3231 | D:4      | Killed Menkaure
  3231 | D:4      | Reached ** piety under the Shining One
  3232 | D:4      | Reached skill level 5 in Fighting
  3442 | D:4      | Found an ornate altar of the Wu Jian Council.
  3482 | D:4      | Found a broken altar of Ashenzari.
  3851 | D:5      | Entered Level 5 of the Dungeon
  4070 | D:5      | Reached skill level 3 in Maces & Flails
  4092 | D:5      | Reached skill level 5 in Armour
  4212 | D:5      | Reached XP level 8. HP: 63/63 MP: 11/11
  4212 | D:5      | Found a shimmering altar of Xom.
  4795 | D:5      | Reached skill level 5 in Invocations
  4990 | D:5      | Reached skill level 4 in Maces & Flails
  5203 | D:5      | Reached skill level 5 in Shields
  5717 | D:6      | Reached XP level 9. HP: 65/70 MP: 13/13
  6142 | D:6      | Reached skill level 5 in Maces & Flails
  6502 | D:6      | Found a staircase to the Ecumenical Temple.
  6590 | D:6      | Reached *** piety under the Shining One
  7408 | D:7      | Reached XP level 10. HP: 80/80 MP: 13/15
  7414 | D:7      | Found an iron altar of Okawaru.
  7809 | D:7      | Reached skill level 6 in Maces & Flails
  8031 | D:7      | Found Mecoj's Antique Armour Boutique.
  8150 | D:7      | Found a glowing golden altar of the Shining One.
  8288 | D:7      | Reached **** piety under the Shining One
  8451 | D:8      | Reached skill level 7 in Maces & Flails
  8964 | D:8      | Found a staircase to the Lair.
  9049 | D:8      | Noticed a green ugly thing
  9056 | D:8      | Killed a green ugly thing
  9601 | D:8      | Reached skill level 8 in Maces & Flails
  9932 | D:9      | Reached XP level 11. HP: 84/87 MP: 17/17
 10044 | D:9      | Noticed a centaur warrior
 10050 | D:9      | Killed a centaur warrior
 10277 | D:9      | Found a staircase to the Orcish Mines.
 10304 | D:9      | Reached skill level 9 in Maces & Flails
 10339 | D:9      | Reached ***** piety under the Shining One
 10394 | D:9      | Found a glowing silver altar of Zin.
 10394 | D:9      | Found a hazy altar of Hepliaklqana.
 11204 | D:10     | Entered Level 10 of the Dungeon
 11469 | D:10     | Noticed Gastronok
 11534 | D:10     | Reached skill level 10 in Maces & Flails
 11686 | D:10     | Killed Gastronok
 12196 | Lair:1   | Entered Level 1 of the Lair of Beasts
 12591 | Lair:1   | Reached XP level 12. HP: 92/96 MP: 19/19
 13070 | Lair:2   | Reached skill level 11 in Maces & Flails
 13401 | Lair:2   | Reached skill level 10 in Invocations
 14027 | Lair:2   | Noticed a boulder beetle
 14066 | Lair:2   | Killed a boulder beetle
 14902 | Lair:3   | Reached skill level 10 in Fighting
 14990 | Lair:3   | Reached skill level 12 in Maces & Flails
 15526 | Lair:3   | Noticed Sonja
 15535 | Lair:3   | Killed Sonja
 16274 | Lair:4   | Reached skill level 10 in Armour
 16274 | Lair:4   | Reached XP level 13. HP: 92/103 MP: 21/21
 16328 | Lair:4   | Noticed a catoblepas
 16328 | Lair:4   | Noticed a catoblepas
 16351 | Lair:4   | Killed a catoblepas
 16362 | Lair:4   | Killed a catoblepas
 16902 | Lair:4   | Reached skill level 13 in Maces & Flails
 17141 | Lair:4   | Reached skill level 1 in Dodging
 17469 | Lair:4   | Found a hole to the Spider Nest.
 17499 | Lair:4   | Found a staircase to the Shoals.
 17510 | Lair:4   | Identified the +5 long sword "Paup" {venom, *Rage rC+ Str+2
                  | Stlth+}
 18005 | Lair:5   | Noticed a catoblepas
 18075 | Lair:5   | Found a dark tunnel.
 18083 | Volcano  | Entered a volcano
 18711 | Lair:5   | Found a one-way gate to the infinite horrors of the Abyss.
 18711 | Lair:5   | Noticed Vainiore's ghost (journeyman VSTm)
 18722 | Lair:5   | You fall into a shaft and drop 1 floor!
 18722 | Lair:6   | Entered Level 6 of the Lair of Beasts
 18722 | Lair:6   | Noticed a seven-headed hydra
 19083 | Lair:5   | Found a transporter.
 19087 | Lair:5   | Found a transporter.
 19581 | Lair:5   | Killed a catoblepas
 19918 | Lair:5   | Found a staircase to the Slime Pits.
 20056 | Lair:5   | Reached ****** piety under the Shining One
 20117 | Lair:5   | Noticed a five-headed hydra
 20122 | Lair:5   | Killed a five-headed hydra
 20285 | Lair:5   | Reached XP level 14. HP: 111/111 MP: 23/23
 20294 | Lair:6   | Reached skill level 14 in Maces & Flails
 22381 | Lair:6   | Reached skill level 15 in Maces & Flails
 23245 | Lair:6   | Identified the +0 robe of Duty {Int+5}
 24752 | D:11     | Reached XP level 15. HP: 118/120 MP: 25/25
 24948 | D:11     | Upgraded the game from 0.28-a0-909-g796cbd3a86 to
                  | 0.28-a0-919-g0b5b508569
 25097 | D:11     | Reached skill level 10 in Shields
 25823 | D:12     | Found a portal to a secret trove of treasure.
 25899 | D:12     | You fall into a shaft and drop 2 floors!
 26580 | D:14     | Found a gate to the Vaults.
 26626 | D:14     | Reached skill level 16 in Maces & Flails
 27983 | D:13     | Reached skill level 1 in Evocations
 28547 | D:12     | Reached XP level 16. HP: 129/129 MP: 27/27
 28937 | D:15     | Entered Level 15 of the Dungeon
 29303 | D:15     | Reached skill level 15 in Invocations
 30200 | D:15     | Reached skill level 17 in Maces & Flails
 30208 | D:15     | Found a staircase to the Depths.
 30399 | D:15     | Identified the +1 ring mail "Lasmamu" {rF+ Will++ Int-4}
 31507 | D:9      | Fell from the grace of the Shining One
 31507 | D:9      | Became a worshipper of Zin the Law-Giver
 31507 | D:9      | Reached * piety under Zin
 31507 | D:9      | Reached ** piety under Zin
 31507 | D:9      | Reached *** piety under Zin
 31507 | D:9      | Reached **** piety under Zin
 31689 | Shoals:1 | Entered Level 1 of the Shoals
 31751 | Lair:4   | Upgraded the game from 0.28-a0-919-g0b5b508569 to
                  | 0.28-a0-1182-g381e24db82
 31908 | Shoals:1 | Noticed Nikola
 32033 | Lair:4   | Upgraded the game from 0.28-a0-1182-g381e24db82 to
                  | 0.29-a0-495-g17b79114eb
 32033 | Lair:4   | Quit the game

Illustrated notes

Levels and vault maps discovered:
D:1:      nagdon_arrival_double_spiral, layout_basic,
          hellmonk_ecumenical_altar_lost_god
D:2:      minmay_angry_zag, layout_rooms, basic_altar
D:3:      layout_rooms
D:4:      layout_cave_pools, mainiacjoe_overflow_cross_hatched,
          nicolae_wu_jian_glorious_leap, marbit_many_paths,
          gammafunk_ghost_nasty_kobolds, nrook_uturn, hangedman_decor_lopped,
          uniq_menkaure
D:5:      layout_loops_ring, lemuel_crystal_altar
D:6:      minmay_thinvault, layout_gridville, minmay_temple_entry_trees,
          minivault_19
D:7:      layout_loops_ring, mainiacjoe_overflow_paths,
          nicolae_tso_swordbearing_angel, serial_shops, shop
D:8:      nicolae_cairo_tiling_large, layout_basic
D:9:      layout_grid_maze, gammafunk_temple_overflow_elements,
          zombieorc2_lemuel
D:10:     layout_basic, uniq_gastronok
D:11:     layout_stronghold
D:12:     layout_roguey, trove_entry_hex_spiral, minmay_lizard_king
D:13:     layout_rooms, minivault_26, hangedman_weighted_door
D:14:     layout_gridville, erik_vaults_2, minmay_hollow_rounded_squares
D:15:     grunt_enter_depths_hoard, layout_layer_cave, minmay_misc_feat_rugged
Lair:1:   layout_long_grid, infiniplex_staircase_pool_2, grunt_megastairs_5
Lair:2:   layout_regular_city, st_stairs_10, nzn_sisyphean_effort
Lair:3:   layout_chaotic_city, serial_bayou_pond_a, lemuel_fruit_fields,
          serial_bayou_shore_a, uniq_sonja
Lair:4:   nzn_motion_control, layout_regular_city, elwin_shoals_entry_rocks,
          spider_nest_entry_funnel_web, beast_lair_carwin_6,
          infiniplex_staircase_pool, lemuel_fruit_tree, lemuel_fruit_fields
Lair:5:   beast_lair_carwin_large_3, layout_misc_corridors,
          dpeg_slime_entry_corner, lightli_volcano_entry_magma_tube,
          gammafunk_ghost_abyssal_escape
Lair:6:   minmay_lair_end_enchanted_forest, layout_cave_shapes, st_stairs_6,
          serial_bayou_lagoon_a, chequers_serial_rivers_small_a,
          disabler_island, grunt_megastairs_4
Shoals:1: layout_shoals, serial_shops, nicolae_shop_crystal, uniq_nikola

Skill      XL: |  1  2  3  4  5  6  7  8  9 10 11 12 13 14 15 16 |
---------------+-------------------------------------------------+-----
Shields        | 4 5 6 7 8 9 11 12 | 12.7
Invocations    | 1 2 3 4 5 6 8 9 10 12 13 14 15 | 15.5
Fighting       | 4 5 6 7 8 9 10 11 12 | 12.8
Axes           | 3 |  3.2
Armour         | 4 5 6 7 8 9 10 11 12 | 12.4
Maces & Flails | 1 2 3 4 5 8 10 12 13 15 16 17 | 17.1
Dodging        | 1 |  1.1
Evocations     | 1 4 |  4.3

Action                   |  1- 3 |  4- 6 |  7- 9 | 10-12 | 13-15 | 16-18 || total
-------------------------+-------+-------+-------+-------+-------+-------++-------
Melee: War axe           |    53 |    91 |   220 |       |       |       ||   364
       Great mace        |       |       |     2 |   561 |   996 |   265 ||  1824
Invok: Cleansing Flame   |       |       |     1 |     2 |     3 |       ||     6
       Divine Shield     |       |       |       |     1 |     5 |     3 ||     9
       Summon Divine War |       |       |       |       |     2 |       ||     2
 Abil: Dig               |       |       |     1 |     5 |    27 |     2 ||    35
Evoke: Wand              |       |       |       |     5 |     9 |       ||    14
  Use: Scroll            |       |       |    10 |    14 |     5 |       ||    29
       Potion            |       |       |     1 |     1 |     3 |       ||     5
Armor: Scale mail        |    32 |    31 |       |       |       |       ||    63
       Plate armour      |       |    15 |   146 |   425 |   625 |   110 ||  1321
Dodge: Dodged            |    29 |    41 |    74 |   173 |   269 |    50 ||   636
Block: Buckler           |    25 |    18 |    41 |    92 |       |       ||   176
       Kite shield       |       |       |       |   128 |   450 |       ||   578
       Tower shield      |       |       |       |       |   181 |   256 ||   437

Table legend: (Time is in decaauts)
 A = Elapsed time spent in this place.
 B = Non-inter-level travel time spent in this place.
 C = Inter-level travel time spent in this place.
 D = Time resting spent in this place.
 E = Time spent auto-exploring this place.
 F = Levels seen in this place.
 G = Mean time per level.
                   A        B        C        D        E       F      G
               +--------+--------+--------+--------+--------+-----+--------+
         Total |  32393 |  28954 |   3439 |   7857 |  15745 |  23 | 1408.4 |
       Dungeon |  19523 |  17725 |   1798 |   3210 |  11356 |  15 | 1301.5 |
          Lair |  12224 |  10588 |   1636 |   4237 |   4389 |   6 | 2037.3 |
        Shoals |     53 |     49 |      4 |      6 |      0 |   1 |   53.0 |
       Volcano |    592 |    592 |      0 |    404 |      0 |   1 |  592.0 |
               +--------+--------+--------+--------+--------+-----+--------+

Top non-repeatable levels by time:
  Lair:5: 3005 daAuts
  Lair:4: 2778 daAuts
    D:15: 2164 daAuts
  Lair:6: 2136 daAuts
    D:14: 2060 daAuts
     D:6: 1898 daAuts
  Lair:2: 1727 daAuts
     D:9: 1711 daAuts
     D:5: 1554 daAuts
  Lair:3: 1521 daAuts
     D:8: 1483 daAuts
     D:1: 1360 daAuts
     D:4: 1265 daAuts
  Lair:1: 1054 daAuts
     D:7: 1025 daAuts
